[Event "Team 45 45 League T55"]
[Site "Internet Chess Club"]
[Date "2012.11.19"]
[Round "1"]
[White "Constrictor"]
[Black "SolaFide"]
[Result "1/2-1/2"]
[WhiteElo "1710"]
[BlackElo "1781"]
[Opening "Réti: Nimzovich-Larsen attack"]
[ECO "A06"]
[Time "20:04:07"]
[TimeControl "2700+45"]

1. Nf3 d5 2. b3 c5 3. e3 Nf6 4. Bb2 Bg4 5. Bb5+ Nbd7 6. O-O e6 7. d3 Bd6 8. Nbd2
O-O 9. Bxd7 Nxd7 10. h3 Bh5 11. c4 Ne5 12. Qc2 Nxf3+ 13. Nxf3 Bxf3 14. gxf3 Qg5+
15. Kh1 Qf5 16. Kg2 Qg6+ 17. Kh1 d4 18. exd4 Qf5 19. Kg2 Qf4 20. Rh1 cxd4 21.
Rag1 Rac8 22. Bc1 Qf6 23. Kf1 Qxf3 24. Bh6 Be5 25. Qe2 Qxe2+ 26. Kxe2 Kh8 27.
Bc1 Bd6 28. Rg4 e5 29. Rhg1 g6 30. Bh6 Rfe8 31. f3 f6 32. h4 b5 33. Rb1 bxc4 34.
bxc4 Rb8 35. Rgg1 Kg8 36. Bd2 Kf7 37. Rgc1 Ke6 38. Ba5 Rxb1 39. Rxb1 Rb8 40. Rb3
Rxb3 41. axb3 h5 42. b4 a6 43. c5 Be7 44. Kf2 Kd5 45. Kg3 g5 46. hxg5 fxg5 47.
Kh3 {Game drawn by mutual agreement} 1/2-1/2

[Event "Team 45 45 League T55"]
[Site "Internet Chess Club"]
[Date "2012.11.17"]
[Round "1"]
[White "CzwartyWymiar"]
[Black "ghostfire"]
[Result "1/2-1/2"]
[WhiteElo "1803"]
[BlackElo "1750"]
[Opening "KGD: classical variation"]
[ECO "C30"]
[Time "09:00:37"]
[TimeControl "2700+45"]

1. e4 e5 2. f4 Bc5 3. Nf3 d6 4. Nc3 Nc6 5. Na4 Bg4 6. Nxc5 dxc5 7. c3 Nf6 8. d3
Qe7 9. h3 Bxf3 10. Qxf3 O-O-O 11. Be2 h6 12. O-O exf4 13. Bxf4 Ne5 14. Qg3 Ng6
15. Be3 Kb8 16. Qf2 b6 17. a4 Ne5 18. Rad1 a5 19. Bf3 Rxd3 20. Rxd3 Nxd3 21. Qc2
Rd8 22. Rd1 c4 23. b3 cxb3 24. Qxb3 Ka7 25. Qb5 Qd7 26. Qxa5+ Kb8 27. Qa6 Qc8
28. Qb5 Qd7 29. Qa6 Qc8 30. Rxd3 Qxa6 31. Rxd8+ Kb7 32. e5+ c6 33. exf6 gxf6 34.
Bf4 Qc4 35. Rb8+ Ka7 36. Bg3 Qxc3 37. Rf8 h5 38. Rxf7+ Ka6 39. Be2+ b5 40. Bf2
Ka5 41. Kf1 Qc1+ 42. Be1+ Kxa4 43. Rxf6 b4 44. Rf7 c5 45. Rb7 Qf4+ 46. Bf3 Kb3
47. Kg1 Qe3+ 48. Bf2 Qc1+ 49. Kh2 c4 50. Bc5 Qf4+ 51. Kh1 Qc1+ 52. Kh2 Qf4+ 53.
Kg1 Qc1+ 54. Kh2 Qf4+ 55. Kh1 Qc1+ {Game drawn by mutual agreement} 1/2-1/2

[Event "Team 45 45 League T55"]
[Site "Internet Chess Club"]
[Date "2012.11.16"]
[Round "1"]
[White "Moondog"]
[Black "razorbackchess4"]
[Result "0-1"]
[WhiteElo "1678"]
[BlackElo "1820"]
[Opening "King's Indian: Gligoric-Taimanov system"]
[ECO "E92"]
[Time "20:01:29"]
[TimeControl "2700+45"]

1. d4 Nf6 2. c4 g6 3. Nc3 Bg7 4. e4 d6 5. Nf3 O-O 6. Be2 e5 7. Be3 Na6 8. O-O
Ng4 9. Bg5 Qe8 10. d5 f6 11. Bd2 Nh6 12. Ne1 f5 13. Nd3 f4 14. b4 g5 15. f3 Qg6
16. c5 Nf7 17. Nf2 Nxb4 18. a3 Na6 19. Bxa6 bxa6 20. c6 h5 21. Nd3 Bh6 22. Rb1
g4 23. Kh1 g3 24. Qe2 h4 25. h3 Ng5 26. Rfc1 Nxh3 27. gxh3 Bxh3 28. Ne1 Qh5 29.
Rb7 Rf7 30. Rcb1 Raf8 31. Rxa7 Bc8 32. Rbb7 h3 33. Rxc7 g2+ 34. Kh2 Qh4 35. Nxg2
hxg2+ 36. Kxg2 Rxc7 37. Rxc7 Kh8 38. Rxc8 Rxc8 39. Qf2 Rg8+ {White resigns} 0-1

[Event "Team 45 45 League T55"]
[Site "Internet Chess Club"]
[Date "2012.11.16"]
[Round "1"]
[White "HomerSimpson"]
[Black "minke"]
[Result "1-0"]
[WhiteElo "2098"]
[BlackElo "1900"]
[Opening "Polish (Sokolsky) opening"]
[ECO "A00"]
[Time "00:40:31"]
[TimeControl "2700+45"]

1. b4 e5 2. Bb2 d6 3. c4 Be6 4. e3 g6 5. Nf3 Bg7 6. d4 e4 7. Nfd2 f5 8. Qb3 Nf6
9. Nc3 O-O 10. h4 h6 11. a4 d5 12. cxd5 Nxd5 13. Bc4 c6 14. b5 Kh7 15. Ba3 Re8
16. Nxd5 cxd5 17. Be2 f4 18. Rc1 Nd7 19. Bd6 fxe3 20. fxe3 Qf6 21. Rc7 Bh3 22.
Qxd5 Nb6 23. Qxb7 Bxg2 24. Rh2 Bf3 25. Rf7 Reb8 26. Bxb8 Rxb8 27. Rxg7+ {Black
resigns} 1-0

[Event "Team 45 45 League T55"]
[Site "Internet Chess Club"]
[Date "2012.11.19"]
[Round "1"]
[White "JustinL"]
[Black "UsuallySleepy"]
[Result "0-1"]
[WhiteElo "1761"]
[BlackElo "1897"]
[Opening "French: MacCutcheon, Chigorin variation"]
[ECO "C12"]
[Time "17:45:27"]
[TimeControl "2700+45"]

1. e4 e6 2. d4 d5 3. Nc3 Nf6 4. Bg5 Bb4 5. e5 h6 6. exf6 hxg5 7. fxg7 Rg8 8. Qh5
Qf6 9. Nf3 Qxg7 10. O-O-O Bd7 11. Ne5 Nc6 12. Nxc6 Bxc6 13. Qf3 a6 14. g4 O-O-O
15. Bg2 Rh8 16. Ne2 Bd6 17. Ng3 Qg6 18. Kb1 Ba4 19. b3 Bc6 20. Kb2 Qh6 21. c3
Qf8 22. a4 Qe7 23. h3 Kb8 24. Rhe1 Rc8 25. Qd3 Qd7 26. Nh5 Be7 27. f4 Qd6 28.
Ra1 gxf4 29. Qf3 Bg5 30. Rf1 f5 31. gxf5 exf5 32. Nxf4 Rce8 33. Nxd5 Re3 34.
Nxe3 Bxf3 35. Rxf3 Re8 36. Nc2 Re2 37. Bf1 Rh2 38. Rxf5 Bd2 39. Rf3 Qg6 40. Rd3
Qf5 41. Rd1 Bh6 42. Re1 Rf2 43. Re5 Qf4 44. Rd1 Rxf1 45. Rxf1 Qxf1 46. Re1 Qxh3
47. Rd1 Qf3 48. Rg1 Bd2 49. Rg8+ Ka7 50. Na3 Qxc3+ 51. Ka2 Bc1 52. Rg2 Bxa3 53.
Kxa3 Qxd4 54. Rc2 a5 55. Ka2 c6 56. Kb1 Qd3 57. Kb2 Qxc2+ 58. Kxc2 Kb6 59. Kc3
Kc5 60. Kc2 Kb4 61. Kb2 c5 62. Ka2 c4 63. bxc4 Kxc4 64. Ka3 b6 {White resigns}
0-1

[Event "Team 45 45 League T55"]
[Site "Internet Chess Club"]
[Date "2012.11.16"]
[Round "1"]
[White "mongmong"]
[Black "badmove"]
[Result "1/2-1/2"]
[WhiteElo "1617"]
[BlackElo "1764"]
[Opening "Queen's pawn: Yusupov-Rubinstein system"]
[ECO "A46"]
[Time "17:43:43"]
[TimeControl "2700+45"]

1. d4 Nf6 2. Nf3 e6 3. e3 b6 4. Bd3 Bb7 5. O-O c5 6. Qe2 Be7 7. b3 cxd4 8. Nxd4
Nc6 9. Nxc6 Bxc6 10. Bb2 O-O 11. c4 d5 12. cxd5 Qxd5 13. f3 Rfd8 14. Bc4 Qd7 15.
Nc3 Qd2 16. Rad1 Qxe2 17. Nxe2 Nd5 18. Bxd5 Rxd5 19. Nc3 Rxd1 20. Rxd1 Rd8 21.
Rxd8+ Bxd8 22. Ne2 Be7 23. Nd4 Bb7 24. Kf2 Bc5 25. Nc2 f6 26. Bd4 Bd6 27. g3 e5
28. Bc3 Kf7 29. Bb4 Bc7 30. e4 a5 31. Ba3 Ke6 32. b4 Ba6 33. bxa5 bxa5 34. Bc5
Bc4 35. a3 Bd6 36. Bxd6 Kxd6 37. Ne3 Kc5 38. Ke1 Kb5 39. Kd2 Kc5 40. Nf5 g6 41.
Ne3 Be6 42. Kc3 Kb5 43. Kb2 Bc4 44. Kc3 Be6 45. Kb2 Ka4 46. Nd1 Kb5 47. Ne3 f5
48. exf5 gxf5 49. f4 e4 50. Kc3 Ka4 51. Kb2 Kb5 52. Kc3 Kc5 53. h3 {Game drawn
by mutual agreement} 1/2-1/2

[Event "Team 45 45 League T55"]
[Site "Internet Chess Club"]
[Date "2012.11.16"]
[Round "1"]
[White "Schack"]
[Black "laotse"]
[Result "1-0"]
[WhiteElo "1708"]
[BlackElo "1422"]
[Opening "Robatsch defense"]
[ECO "B06"]
[Time "14:00:44"]
[TimeControl "2700+45"]

1. e4 g6 2. d4 Bg7 3. Nc3 c5 4. dxc5 Qa5 5. Bd2 Qxc5 6. Nd5 Bxb2 7. Bb4 Qd4 8.
Qxd4 Bxd4 9. Rd1 Bb6 10. a4 Bd8 11. Bc4 e6 12. Ne3 Nc6 13. Bd6 Ba5+ 14. Ke2 Bb4
15. Nf3 Bxd6 16. Rxd6 Nge7 17. h4 h5 18. g4 b6 19. gxh5 gxh5 20. Rhd1 f6 21. Ng2
Ng6 22. Bxe6 dxe6 23. Rxc6 Bb7 24. Rxe6+ Kf7 25. Rdd6 Rhe8 26. Rxf6+ Kg7 27.
Rxg6+ Kf7 28. Ng5+ {Black resigns} 1-0

[Event "Team 45 45 League T55"]
[Site "Internet Chess Club"]
[Date "2012.11.18"]
[Round "1"]
[White "cesaralexander"]
[Black "Goli"]
[Result "0-1"]
[WhiteElo "1898"]
[BlackElo "1837"]
[Opening "Benkö gambit half accepted"]
[ECO "A57"]
[Time "16:54:41"]
[TimeControl "2700+45"]

1. d4 Nf6 2. c4 c5 3. d5 b5 4. cxb5 a6 5. b6 Qxb6 6. Nc3 d6 7. e4 g6 8. Nf3 Bg7
9. Nd2 O-O 10. Nc4 Qd8 11. Bd3 Nbd7 12. f4 Nb6 13. Nxb6 Qxb6 14. h3 Bd7 15. Be3
Qxb2 16. Bd2 Nxe4 17. Nxe4 Qxa1 18. Qxa1 Bxa1 19. O-O Bd4+ 20. Kh1 Bb5 21. Bxb5
axb5 22. Rb1 {White resigns} 0-1

[Event "Team 45 45 League T55"]
[Site "Internet Chess Club"]
[Date "2012.11.18"]
[Round "1"]
[White "tsia68"]
[Black "musk6868"]
[Result "0-1"]
[WhiteElo "1857"]
[BlackElo "1988"]
[Opening "Sicilian defense"]
[ECO "B20"]
[Time "13:02:35"]
[TimeControl "2700+45"]

1. e4 c5 2. d3 Nc6 3. g3 Nf6 4. Bg2 d5 5. Nd2 e6 6. Ngf3 Be7 7. O-O O-O 8. e5
Nd7 9. Re1 Qc7 10. Qe2 b5 11. Nf1 Rb8 12. h4 Nd4 13. Nxd4 cxd4 14. Bf4 b4 15.
Nh2 a5 16. Nf3 Qb6 17. Ng5 Nc5 18. Qh5 Bxg5 19. hxg5 g6 20. Qh6 Rd8 21. Bf3 Nd7
22. Bxd5 exd5 23. e6 fxe6 24. Bxb8 Nxb8 25. Re2 Nc6 26. f4 Qc7 27. Rae1 Qf7 28.
Rf2 Ne7 29. g4 Nc6 30. Qh2 Qc7 31. Qh6 Rf8 32. Ref1 Rf7 33. Kg2 a4 34. Qh2 Qd6
35. Re1 b3 36. axb3 axb3 37. cxb3 Ba6 38. Qg3 Nb4 39. Rd1 Qc7 40. Rdd2 Qd6 41.
Kg1 Nxd3 42. Rxd3 Bxd3 43. Qxd3 Rxf4 44. Qg3 e5 45. Rxf4 exf4 46. Qe1 Kf7 47.
Kf2 Qe7 48. Qa5 Qe3+ 49. Kf1 Qc1+ 50. Ke2 Qxb2+ 51. Kf1 Qb1+ 52. Kf2 Qc2+ 53.
Kf1 Qd3+ 54. Kf2 Qe3+ 55. Kf1 Qf3+ 56. Ke1 Qc3+ {White resigns} 0-1

[Event "Team 45 45 League T55"]
[Site "Internet Chess Club"]
[Date "2012.11.18"]
[Round "1"]
[White "cityprosecutor"]
[Black "Duguesclin"]
[Result "1-0"]
[WhiteElo "1738"]
[BlackElo "1644"]
[Opening "French: King's Indian attack"]
[ECO "C00"]
[Time "08:32:36"]
[TimeControl "2700+45"]

1. e4 e6 2. d3 d5 3. Nd2 Nc6 4. g3 Nf6 5. Bg2 Qe7 6. f4 h5 7. Ngf3 Bd7 8. c3 Ng4
9. Nf1 dxe4 10. dxe4 O-O-O 11. Qe2 e5 12. h3 Nf6 13. f5 g6 14. fxg6 fxg6 15. Bg5
Be6 16. Qb5 a6 17. Qa4 Qf7 18. Ne3 Bc5 19. b4 Bxe3 20. Bxe3 Nxe4 21. O-O Nxg3
22. Nxe5 Qg7 23. Nxc6 Nxf1 24. Na7+ Kb8 25. Nc6+ Ka8 26. Nxd8 Bc4 27. Bd4 Qe7
28. Nxb7 Kb8 29. Na5 Bb5 30. Nc6+ Bxc6 31. Qxc6 Kc8 32. Qxa6+ Kd7 33. Bc6+
{Black resigns} 1-0

[Event "Team 45 45 League T55"]
[Site "Internet Chess Club"]
[Date "2012.11.17"]
[Round "1"]
[White "Ayensa80"]
[Black "CKNIGHT3"]
[Result "1-0"]
[WhiteElo "1758"]
[BlackElo "1669"]
[Opening "Sicilian: Canal-Sokolsky attack, 3...Bd7"]
[ECO "B52"]
[Time "11:30:08"]
[TimeControl "2700+45"]

1. e4 c5 2. Nf3 d6 3. Bb5+ Bd7 4. Bxd7+ Nxd7 5. c4 Ngf6 6. Nc3 e6 7. O-O Be7 8.
d4 a6 9. e5 dxe5 10. dxe5 Ng4 11. Qe2 Qc7 12. Re1 h5 13. h3 Nh6 14. Bf4 Nf5 15.
Rad1 O-O-O 16. Ne4 Nb6 17. b3 h4 18. Nfg5 Nd4 19. Qg4 Rdf8 20. Nd6+ Bxd6 21.
exd6 Qd7 22. Be5 Nf5 23. Ne4 f6 24. Nxc5 Qf7 25. Bb2 Nd7 26. Nxe6 Nh6 27. Qxg7
Qxg7 28. Nxg7 Rhg8 29. Re7 Rh8 30. Rde1 b6 31. b4 Nf7 32. Nf5 Nfe5 33. Bxe5 Nxe5
34. Rc7+ Kb8 35. c5 b5 36. c6 Rd8 37. Rb7+ Ka8 38. Rc1 Nxc6 39. Rc7 Nxb4 40. d7
Nd5 41. Rc8+ Ka7 42. Nd4 Kb7 43. R1c5 Rxc8 44. dxc8=Q+ Rxc8 45. Rxd5 Rc1+ 46.
Kh2 Rd1 47. g3 hxg3+ 48. Kxg3 Rd2 49. h4 Rxa2 50. h5 b4 51. h6 Ra3+ 52. Kg4 Ra1
53. h7 Rh1 54. Rh5 Rxh5 55. Kxh5 a5 56. h8=Q Kb6 57. Qxf6+ Kc5 58. Qe5+ Kc4 59.
Qxa5 Kxd4 60. Qxb4+ Kd5 61. Kg5 Kc6 62. Kf5 Kd5 63. f4 Kc6 64. Ke5 Kc7 65. Qd6+
Kb7 66. Kd5 Ka7 67. Qb4 Ka6 68. Kc6 Ka7 69. Qb7# {Black checkmated} 1-0

[Event "Team 45 45 League T55"]
[Site "Internet Chess Club"]
[Date "2012.11.18"]
[Round "1"]
[White "imawesome"]
[Black "DaPaz"]
[Result "1/2-1/2"]
[WhiteElo "1859"]
[BlackElo "1952"]
[Opening "Petrov three knights game"]
[ECO "C42"]
[Time "20:16:49"]
[TimeControl "2700+45"]

1. e4 e5 2. Nf3 Nf6 3. Nc3 Bb4 4. Bc4 O-O 5. O-O Bxc3 6. dxc3 d6 7. Re1 h6 8. h3
Qe7 9. Qd3 Nbd7 10. Be3 Nh5 11. Rad1 Nb6 12. Bb3 Qf6 13. c4 Nd7 14. Qe2 Nc5 15.
Bxc5 dxc5 16. Qe3 Be6 17. Qxc5 Bxh3 18. Qxe5 Qg6 19. Qh2 Nf4 20. g3 Qg4 21. Ne5
Ne2+ 22. Kh1 Qxe4+ 23. f3 Qxe5 24. Rxe2 Qh5 25. g4 Qh4 26. Rg1 Rfe8 27. Rf2 Rad8
28. Rff1 g5 29. Rf2 Re3 30. c3 Rde8 31. Qg3 Qxg3 32. Rxg3 Re1+ 33. Rg1 Rxg1+ 34.
Kxg1 Re1+ 35. Kh2 Bf1 36. Rd2 Re2+ 37. Rxe2 Bxe2 38. Kg3 c5 39. Kf2 Bd3 40. Ke3
Bg6 41. Ba4 f5 42. Bc2 f4+ 43. Kd2 Bf7 44. b3 Kg7 45. Be4 b6 46. Ke2 Kf6 47. Kd3
Ke5 48. Bf5 h5 49. Ke2 h4 50. Bd3 Be8 51. Kf2 Bc6 52. Bf1 Ba8 53. Bd3 h3 54. Be2
Bc6 55. Kg1 Be4 56. fxe4 Kxe4 57. Kh2 Ke3 58. Bf1 Kd2 59. b4 Kxc3 60. bxc5 bxc5
61. Kxh3 Kb2 62. a4 a5 63. Bg2 Kb3 64. Bc6 Kxc4 65. Kg2 Kd4 66. Kf3 c4 67. Be4
Kc3 68. Bd5 Kb4 69. Ke2 Kc5 70. Be6 Kd4 71. Bf5 Kc3 72. Be6 Kb4 73. Bd5 Kc5 74.
Be6 Kd4 75. Bf5 Kc3 76. Be6 Kb4 77. Bd5 {Game drawn by repetition} 1/2-1/2

[Event "Team 45 45 League T55"]
[Site "Internet Chess Club"]
[Date "2012.11.19"]
[Round "1"]
[White "ChessChamp"]
[Black "rook9999"]
[Result "0-1"]
[WhiteElo "1738"]
[BlackElo "1915"]
[Opening "Sicilian: Kan, Maróczy bind (Réti variation)"]
[ECO "B41"]
[Time "20:45:14"]
[TimeControl "2700+45"]

1. e4 c5 2. Nf3 e6 3. d4 cxd4 4. Nxd4 a6 5. c4 Nf6 6. Nc3 Qc7 7. Be3 Bb4 8. Be2
Nxe4 9. Qc2 Nxc3 10. bxc3 Bc5 11. Bd3 d6 12. O-O Nd7 13. g3 Ne5 14. Be2 O-O 15.
Bf4 b5 16. Bxe5 dxe5 17. Bf3 Rb8 18. Nc6 Rb6 19. Na5 f5 20. cxb5 e4 21. Be2 f4
22. Kh1 axb5 23. a4 e3 24. fxe3 Ra6 25. Nb3 Bxe3 26. axb5 Rxa1 27. Nxa1 Bb7+ 28.
Bf3 fxg3 29. Qg2 Rxf3 30. Rxf3 Qd6 31. Rf8+ Qxf8 32. Qxb7 {White resigns} 0-1

[Event "Team 45 45 League T55"]
[Site "Internet Chess Club"]
[Date "2012.11.18"]
[Round "1"]
[White "juniorVishy"]
[Black "blackcatdillac"]
[Result "0-1"]
[WhiteElo "1789"]
[BlackElo "1854"]
[Opening "Benoni: classical with e4 and Nf3"]
[ECO "A70"]
[Time "18:06:18"]
[TimeControl "2700+45"]

1. d4 Nf6 2. c4 c5 3. d5 e6 4. Nc3 exd5 5. cxd5 d6 6. e4 g6 7. Nf3 Bg7 8. Bd3
O-O 9. O-O a6 10. a4 Bg4 11. h3 Bxf3 12. Qxf3 Nbd7 13. Bf4 Re8 14. Bxd6 Qb6 15.
Bh2 Qxb2 16. Ne2 Ne5 17. Bxe5 Qxe5 18. Ng3 Nd7 19. Rab1 Rab8 20. Rfc1 Qd6 21.
Qd1 Ne5 22. Bf1 h5 23. Qc2 Nd7 24. a5 Qf4 25. Bd3 Be5 26. Nf1 h4 27. Qd2 Qf6 28.
Qc2 Bd4 29. Nh2 Ne5 30. Bf1 c4 31. Rd1 Ba7 32. Rd2 Qf4 33. Rdd1 Nd7 34. Re1 Nc5
35. Bxc4 Nxe4 36. Ng4 Nxf2 37. Rxe8+ Rxe8 38. Nxf2 Bxf2+ 39. Qxf2 Qxc4 40. d6
Qd5 41. Qb6 Re2 42. Qxb7 Re1+ 43. Kf2 Qd2+ 44. Kf3 Re3+ 45. Kg4 Qd4+ 46. Kg5
Rg3+ {White resigns} 0-1

[Event "Team 45 45 League T55"]
[Site "Internet Chess Club"]
[Date "2012.11.18"]
[Round "1"]
[White "mellizas2003"]
[Black "ausya"]
[Result "1-0"]
[WhiteElo "1725"]
[BlackElo "1611"]
[Opening "Sicilian: accelerated fianchetto, Maróczy bind"]
[ECO "B36"]
[Time "10:01:02"]
[TimeControl "2700+45"]

1. e4 c5 2. Nf3 g6 3. d4 cxd4 4. Nxd4 Nc6 5. c4 d6 6. Nc3 Nf6 7. Be2 Bg7 8. Be3
O-O 9. O-O Ng4 10. Bxg4 Bxg4 11. Nxc6 Bxd1 12. Nxd8 Bc2 13. Nxb7 Rfb8 14. Rac1
Bd3 15. Rfd1 Bxc4 16. Na5 Be6 17. b3 a6 18. Nc6 Rb7 19. Bd4 Rc8 20. Bxg7 Rxc6
21. Bh6 Rbc7 22. Nd5 Bxd5 23. exd5 Rxc1 24. Rxc1 Rxc1+ 25. Bxc1 Kg7 26. a4 Kf6
27. f4 Kf5 28. b4 Ke4 29. Be3 Kxd5 30. b5 axb5 31. axb5 e5 32. fxe5 dxe5 33. b6
Kc6 34. Kf2 f5 35. Ke2 f4 36. Bc5 e4 37. h4 h6 38. g3 fxg3 39. Bg1 g5 40. h5 Kb7
41. Ke3 Kxb6 42. Kxe4+ Kc6 43. Kf5 Kd7 44. Kg6 Ke7 45. Kxh6 Kf6 46. Bd4+ Kf7 47.
Kxg5 {Black resigns} 1-0

[Event "Team 45 45 League T55"]
[Site "Internet Chess Club"]
[Date "2012.11.18"]
[Round "1"]
[White "lacibacsi"]
[Black "fledermaus"]
[Result "1/2-1/2"]
[WhiteElo "2069"]
[BlackElo "1927"]
[Opening "Caro-Kann: Panov-Botvinnik attack"]
[ECO "B13"]
[Time "16:08:53"]
[TimeControl "2700+45"]

1. e4 c6 2. d4 d5 3. exd5 cxd5 4. c4 Nf6 5. Nc3 Nc6 6. Nf3 Bg4 7. cxd5 Nxd5 8.
Qb3 Bxf3 9. gxf3 e6 10. Qxb7 Nxd4 11. Bb5+ Nxb5 12. Qxb5+ Qd7 13. Nxd5 exd5 14.
Qxd7+ Kxd7 15. Be3 Bb4+ 16. Ke2 Rhc8 17. Rac1 a5 18. Rxc8 Rxc8 19. Rc1 Rb8 20.
Bd4 g6 21. Kd3 Bd6 22. h3 Rb5 23. Rc2 {Game drawn by mutual agreement} 1/2-1/2

[Event "Team 45 45 League T55"]
[Site "Internet Chess Club"]
[Date "2012.11.18"]
[Round "1"]
[White "jonesey"]
[Black "mitus"]
[Result "1-0"]
[WhiteElo "1885"]
[BlackElo "1759"]
[Opening "Ruy Lopez: Berlin defense, hedgehog variation"]
[ECO "C48"]
[Time "04:04:26"]
[TimeControl "2700+45"]

1. e4 e5 2. Nf3 Nc6 3. Nc3 Nf6 4. Bb5 d6 5. d4 Bd7 6. O-O Be7 7. Re1 exd4 8.
Nxd4 O-O 9. Bf4 Ne5 10. Bxd7 Qxd7 11. Nf5 Rad8 12. Qd4 Ng6 13. Bg5 c5 14. Qd2 b5
15. Nxe7+ Nxe7 16. Bxf6 gxf6 17. Qh6 Qe6 18. Re3 {Black resigns} 1-0

[Event "Team 45 45 League T55"]
[Site "Internet Chess Club"]
[Date "2012.11.17"]
[Round "1"]
[White "hondocando"]
[Black "calily"]
[Result "1-0"]
[WhiteElo "1671"]
[BlackElo "1730"]
[Opening "Caro-Kann: classical, 6.h4"]
[ECO "B18"]
[Time "00:02:00"]
[TimeControl "2700+45"]

1. e4 c6 2. d4 d5 3. Nc3 dxe4 4. Nxe4 Bf5 5. Ng3 Bg6 6. h4 h6 7. Bd3 Bxd3 8.
Qxd3 e6 9. Nf3 Nd7 10. Bf4 Qa5+ 11. c3 Ngf6 12. O-O Be7 13. Rfe1 Nd5 14. Bd2 Qc7
15. c4 N5f6 16. Qe2 O-O-O 17. b4 Bd6 18. Ne4 Nxe4 19. Qxe4 Nf6 20. Qe2 Bf4 21.
Bc3 Ng4 22. Ne5 Nxe5 23. dxe5 h5 24. Rad1 g6 25. Qe4 Bh6 26. f4 Qe7 27. Qe3 Kb8
28. Bd4 a6 29. g3 Rd7 30. Bc5 Qd8 31. Bd6+ Ka8 32. a4 f6 33. Qe4 f5 34. Qf3 Qb6+
35. Bc5 Qc7 36. a5 Rhh7 37. Bd6 Qc8 38. b5 axb5 39. cxb5 c5 40. a6 Bf8 41. axb7+
Rxb7 42. Ra1# {Black checkmated} 1-0

[Event "Team 45 45 League T55"]
[Site "Internet Chess Club"]
[Date "2012.11.17"]
[Round "1"]
[White "parrot9"]
[Black "fireball"]
[Result "1-0"]
[WhiteElo "1675"]
[BlackElo "1732"]
[Opening "French: Tarrasch"]
[ECO "C03"]
[Time "10:00:51"]
[TimeControl "2700+45"]

1. e4 e6 2. d4 d5 3. Nd2 dxe4 4. Nxe4 Bb4+ 5. c3 Ba5 6. Nf3 Nc6 7. Bb5 Bd7 8.
O-O a6 9. Ba4 b5 10. Bc2 h6 11. d5 exd5 12. Nc5 Nge7 13. Re1 Bb6 14. Qxd5 O-O
15. Qxd7 Bxc5 16. Qg4 Qc8 17. Qh5 Bd6 18. Bxh6 gxh6 19. Qxh6 Nf5 20. Qh5 Nce7
21. Rxe7 Bxe7 22. Bxf5 Qxf5 23. Qxf5 Rfd8 24. Ne5 f6 25. Qg6+ {Black resigns}
1-0

[Event "Team 45 45 League T55"]
[Site "Internet Chess Club"]
[Date "2012.11.19"]
[Round "1"]
[White "bshribharath"]
[Black "ramirozp"]
[Result "1-0"]
[WhiteElo "1830"]
[BlackElo "1784"]
[Opening "King's Indian: 3.g3"]
[ECO "E60"]
[Time "09:30:04"]
[TimeControl "2700+45"]

1. d4 Nf6 2. c4 g6 3. g3 Bg7 4. Bg2 O-O 5. Nf3 d6 6. O-O Nbd7 7. Qc2 e5 8. dxe5
dxe5 9. Rd1 Re8 10. Nc3 c6 11. b3 Qc7 12. Ba3 c5 13. Nb5 Qa5 14. Bb2 Bf8 15. a4
a6 16. Bc3 Qb6 17. a5 Qd8 18. Nd6 Bxd6 19. Rxd6 Qe7 20. Rad1 Rb8 21. b4 e4 22.
Ng5 h6 23. Nh3 cxb4 24. Bxb4 Qe5 25. Bc3 Qf5 26. Qb2 Ng4 27. Nf4 Qc5 28. e3 g5
29. R1d5 Qxc4 30. Bh8 f6 31. Bxf6 Ndxf6 32. Rxf6 Nxf6 33. Qxf6 gxf4 34. Qg6+ Kf8
35. Qxh6+ Kf7 36. Qxf4+ Ke7 37. Qg5+ Kf7 38. Rc5 Qe6 39. Qh5+ Qg6 40. Rc7+ Kf6
41. Qh4+ Ke5 42. Qf4+ Kd5 43. Bf1 Re5 44. Rc5+ Kxc5 45. Qxe5+ Kb4 46. Qxb8 Qc6
47. Qe5 Be6 48. h4 Bc4 49. Qd4 Qd5 50. Qxc4+ Qxc4 51. Bxc4 Kxc4 52. h5 Kd5 53.
h6 Ke6 54. h7 {Black resigns} 1-0

[Event "Team 45 45 League T55"]
[Site "Internet Chess Club"]
[Date "2012.11.20"]
[Round "1"]
[White "LittleButton"]
[Black "Beetlejuice"]
[Result "0-1"]
[WhiteElo "1727"]
[BlackElo "1753"]
[Opening "Sicilian defense"]
[ECO "B40"]
[Time "14:04:14"]
[TimeControl "2700+45"]

1. e4 c5 2. Nf3 e6 3. c3 Nf6 4. e5 Nd5 5. d4 cxd4 6. cxd4 d6 7. Nc3 Nxc3 8. bxc3
dxe5 9. Nxe5 Bd6 10. f4 O-O 11. Bd3 Nd7 12. O-O Nf6 13. g4 b6 14. g5 Nd5 15.
Bxh7+ Kxh7 16. Qh5+ Kg8 17. Rf3 Nf6 18. gxf6 Qxf6 19. Rh3 Qh6 20. Qf3 Bb7 21.
Qg3 Qf6 22. Nd7 Qd8 23. Nxf8 Bxf8 24. Bd2 g6 25. Re1 Bg7 26. Qg4 Qd5 27. Kf2
Qxa2 28. Re2 Ba6 29. Qf3 Rc8 30. Rg3 Bxe2 31. Qxe2 Qc4 32. Qe4 Qd5 33. Qe3 b5
34. Rg5 Qc4 35. h4 b4 36. h5 bxc3 37. Bxc3 Qxc3 38. Rc5 Rxc5 {White resigns} 0-1

[Event "Team 45 45 League T55"]
[Site "Internet Chess Club"]
[Date "2012.11.17"]
[Round "1"]
[White "qs16"]
[Black "chrisgianno"]
[Result "1-0"]
[WhiteElo "1775"]
[BlackElo "1678"]
[Opening "Dutch"]
[ECO "A80"]
[Time "06:28:49"]
[TimeControl "2700+45"]

1. d4 f5 2. Nc3 Nf6 3. Bg5 d5 4. Bxf6 exf6 5. e3 Nc6 6. Bb5 Be6 7. a3 Be7 8.
Nge2 O-O 9. O-O Qd6 10. Nf4 Bf7 11. Qe2 Nd8 12. Nfxd5 Bxd5 13. Nxd5 c6 14. Nxe7+
Qxe7 15. Bc4+ Kh8 16. Qf3 g6 17. Rfe1 Nf7 18. Bxf7 Qxf7 19. e4 fxe4 20. Rxe4 Qd5
21. Rae1 Rad8 22. c3 Rd7 23. h3 f5 24. R4e3 Qxf3 25. Rxf3 Kg7 26. Rfe3 Kf6 27.
h4 Rd6 28. Re7 Rf7 29. Re8 g5 30. hxg5+ Kxg5 31. Rg8+ Rg6 32. Rge8 f4 33. R8e7
Rfg7 34. f3 Kh4 35. Rxg7 Rxg7 36. Kf2 Kg5 37. a4 h5 38. b4 h4 39. Re5+ Kh6 40.
c4 Rd7 41. d5 cxd5 42. Rxd5 Rxd5 43. cxd5 Kg6 44. Ke2 Kf6 45. Kd3 Ke5 46. Kc4
Kd6 47. Kd4 b6 48. b5 Kd7 49. Ke5 Ke7 50. d6+ Kd7 51. Kd5 Kd8 52. Ke6 Ke8 53.
Ke5 Kd7 54. Kxf4 Kxd6 55. Kg4 Ke5 56. Kxh4 Kf4 57. g4 {Black resigns} 1-0

[Event "Team 45 45 League T55"]
[Site "Internet Chess Club"]
[Date "2012.11.17"]
[Round "1"]
[White "Buford-Julep"]
[Black "Tobiasdelmonte"]
[Result "1-0"]
[WhiteElo "1670"]
[BlackElo "1751"]
[Opening "French: Winawer, Petrosian variation"]
[ECO "C16"]
[Time "20:00:15"]
[TimeControl "2700+45"]

1. e4 e6 2. d4 d5 3. Nc3 Bb4 4. e5 Qd7 5. Bd2 b6 6. Bd3 Ba6 7. Qe2 Bxd3 8. Qxd3
Nc6 9. Nge2 h5 10. f4 Nh6 11. O-O-O a5 12. h3 Nf5 13. g4 Nh6 14. Ng3 O-O-O 15.
Nxh5 Nf5 16. gxf5 Rxh5 17. fxe6 fxe6 18. Ne2 Kb7 19. Ng3 Rh4 20. c3 Be7 21. f5
Rdh8 22. fxe6 Qxe6 23. Nf5 R8h7 24. Nxh4 Rxh4 25. Rdg1 Bf8 26. Rg6 Qe8 27. Qg3
Re4 28. Rg1 a4 29. Qf3 a3 30. b3 b5 31. Qf5 Ne7 32. Qe6 c6 33. R6g4 Re2 34. R1g2
Rxg2 35. Rxg2 g6 36. Bg5 Qd8 37. Bxe7 Bxe7 38. Rxg6 Qc7 39. Rg7 Bg5+ 40. Rxg5
{Black resigns} 1-0

[Event "Team 45 45 League T55"]
[Site "Internet Chess Club"]
[Date "2012.11.18"]
[Round "1"]
[White "Warpdrive"]
[Black "bondguy01"]
[Result "1/2-1/2"]
[WhiteElo "1719"]
[BlackElo "1682"]
[Opening "Ruy Lopez: closed, Bogolyubov variation"]
[ECO "C91"]
[Time "16:00:17"]
[TimeControl "2700+45"]

1. e4 e5 2. Nf3 Nc6 3. Bb5 a6 4. Ba4 Nf6 5. O-O Be7 6. Re1 b5 7. Bb3 d6 8. c3
O-O 9. d4 Bg4 10. d5 Na5 11. Bc2 c6 12. dxc6 Qc7 13. Bg5 Qxc6 14. Nbd2 Rad8 15.
h3 Be6 16. Qe2 Rfe8 17. Bb3 Nxb3 18. axb3 Ra8 19. Rec1 h6 20. Bxf6 Bxf6 21. c4
b4 22. Nh2 Bd8 23. Nhf1 Bb6 24. Ne3 Bxe3 25. Qxe3 a5 26. Rd1 a4 27. bxa4 Rxa4
28. Rxa4 Qxa4 29. b3 Qc6 30. Qd3 Qb6 31. Nf1 Rd8 32. Ne3 Kf8 33. Nd5 Bxd5 34.
Qxd5 Ke7 35. Ra1 Rd7 36. Ra5 Ra7 37. Rxa7+ Qxa7 38. Qd1 {Game drawn by mutual
agreement} 1/2-1/2